Unix NetHack Version 3.7.0-50 Work-in-progress - last build Feb 14 2022 21:04:41. Game began 2022-02-15 00:40:27, ended 2022-02-15 00:51:03. Gandelf, neutral male human Monk ------ |....| .....| ----- # |....| |...-## ####-..<.| |...|# --------------- # |[...| |.@.|## |.............| # ---|-- |...|#### |.............| ### # |$..| ###...........)..-### # ----- |.............| # # --------------- ### # -|-|- |...| |...| |...| ----- Gandelf the Candidate St:18/01 Dx:12 Co:12 In:11 Wi:11 Ch:10 Neutral S:112 Dlvl:2 $:10 HP:0(14) Pw:4(4) AC:10 Xp:1/13 T:363 Latest messages: You descend the stairs. Where do you want to travel to? (For instructions type a '?') That door is closed. The door opens. What do you want to dip? [a-q or ?*] f Dip 2 uncursed potions of healing into the fountain? [yn] (n) y Your potions of healing dilute. Dip 2 uncursed diluted potions of healing into the fountain? [yn] (n) y Your diluted potions of healing dilute further. A feeling of loss comes over you. The fountain dries up! What do you want to dip? [a-q or ?*] l What do you want to dip a swirly potion into? [efl or ?*] y You don't have that object. What do you want to dip a swirly potion into? [efl or ?*] Never mind. What do you want to dip? [a-q or ?*] l What do you want to dip a swirly potion into? [efl or ?*] y You don't have that object. What do you want to dip a swirly potion into? [efl or ?*] ? Never mind. What do you want to dip? [a-q or ?*] ? What do you want to dip a swirly potion into? [efl or ?*] Never mind. You swap places with your little dog. The door opens. You swap places with your little dog. Double rush prefix, canceled. You swap places with your little dog. The door resists! The door resists! The door opens. You kill the grid bug! The door opens. The grid bug just misses! You kill the grid bug! The lichen touches you! You kill the lichen! You see here a lichen corpse. r - a lichen corpse. You see here a spear. The door opens. You fall into the molten lava! You burn to a crisp... Do you want your possessions identified? [ynq] (y) y Do you want to see your attributes? [ynq] (y) y Do you want an account of creatures vanquished? [ynaq] (y) y Do you want to see your conduct? [ynq] (y) y Do you want to see the dungeon overview? [ynq] (y) y Major events: Turn 1: Gandelf the neutral male human Monk entered the dungeon 127: killed for the first time 266: entered new level 2, The Dungeons of Doom Inventory: Coins $ - 10 gold pieces Amulets p - an uncursed amulet of life saving Weapons n - 11 +0 arrows Tools q - a blessed oil lamp Gandelf the Monk's attributes: Background: You were a Candidate, a level 1 male human Monk. You were neutral, on a mission for Chih Sung-tzu who was opposed by Shan Lai Ching (lawful) and Huan Ti (chaotic). You were in the Dungeons of Doom, on level 2. You entered the dungeon 363 turns ago. It was the midnight hour. There was a full moon in effect when your adventure ended. You had 13 experience points, 7 more were needed to attain level 2. Your score was 112 before end-of-game adjustments. Basics: You had 0 out of 14 hit points. You had all 4 energy points (spell power). Your armor class was 10. Your wallet contained 10 zorkmids. Autopickup was off. Final Characteristics: Your strength was 18/01 (limit:18/100). Your dexterity was 12 (limit:18). Your constitution was 12 (limit:18). Your intelligence was 11 (limit:18). Your wisdom was 11 (limit:18). Your charisma was 10 (limit:18). Final Status: You were not hungry. You were unencumbered. You were bare handed. You had basic skill with martial arts. You were not wearing any armor. Final Attributes: You were fervently aligned. You were sleep resistant. You saw invisible. You were fast. You were lucky. You are dead. Miscellaneous: You never encountered a bones level. Total elapsed playing time was 10 minutes and 36 seconds. Vanquished creatures: a goblin 2 grid bugs a lichen 2 newts 6 creatures vanquished. No species were genocided or became extinct. Voluntary challenges: You went without food. You were an atheist. You never hit with a wielded weapon. You were illiterate. You never engraved Elbereth. You never genocided any monsters. You never polymorphed an object. You never changed form. You used no wishes. The Dungeons of Doom: levels 1 to 2 Level 1: Level 2: <- You were here. Final resting place for you, burned by molten lava. Game over: ---------- / \ / REST \ / IN \ / PEACE \ / \ | Gandelf | | 10 Au | | burned by molten | | lava | | | | | | 2022 | *| * * * | * _________)/\\_//(\/(/\)/\//\/|_)_______ Goodbye Gandelf the Monk... You burned in The Dungeons of Doom on dungeon level 2 with 111 points, and 10 pieces of gold, after 363 moves. You were level 1 with a maximum of 14 hit points when you burned.